Map: Backwater LE

Players

Maplez - Winner!

  • Race: Protoss Protoss
  • League: Grandmaster
  • Spawn Location: 11:00

FireZerg

  • Race: Zerg Zerg
  • League: Master
  • Spawn Location: 5:00

VOD

Have the link to the VOD?

Description

Time

  • Played on: April 6, 2018, 11:48 a.m.
  • Length: 15:50
Show
View Real Time Build Order
Export as new Build Order

Maplez Protoss - Winner!

Build Orders: 1 Gate Expand, Oracle Opening, Phoenix Opening, Zealot Archon 

Get SALT Encoding   

  12  0:00  Probe  
  13  0:12  Probe  
  14  0:18  Pylon  
  14  0:25  Probe (Chrono Boost)  
  15  0:37  Probe (Chrono Boost)  
  15  0:38  Gateway  
  16  0:44  Probe (Chrono Boost)  
  16  0:47  Assimilator  
  17  0:51  Probe  
  18  1:03  Probe  
  19  1:15  Probe  
  20  1:24  Nexus  
  20  1:27  Probe  
  21  1:36  Cybernetics Core  
  21  1:41  Probe  
  22  1:47  Assimilator  
  22  1:51  Pylon  
  22  1:55  Probe  
  23  2:09  Probe  
  23  2:11  Adept (Chrono Boost)  
  26  2:21  Stargate, Probe  
  27  2:31  Warp Gate  
  27  2:33  Adept (Chrono Boost)  
  27  2:36  Probe (Chrono Boost)  
  31  2:37  Probe (Chrono Boost)  
  31  2:45  Probe (Chrono Boost)  
  31  2:48  Probe (Chrono Boost)  
  31  2:50  Probe (Chrono Boost)  
  33  2:57  Probe  
  35  2:58  Adept  
  35  3:03  Probe  
  38  3:05  Oracle (Chrono Boost)  
  38  3:09  Probe  
  42  3:15  Probe, Gateway  
  43  3:20  Pylon  
  43  3:21  Probe  
  45  3:27  Probe  
  45  3:30  Assimilator  
  45  3:31  Assimilator  
  45  3:33  Probe  
  46  3:37  Phoenix (Chrono Boost)  
  46  3:41  Probe  
  49  3:45  Probe, Pylon  
  50  3:53  Probe  
  50  3:54  Robotics Facility  
  51  4:00  Twilight Council  
  51  4:02  Probe  
  52  4:11  Probe  
  52  4:13  Pylon  
  53  4:21  Probe  
  53  4:22  Gateway x2  
  53  4:24  Probe  
  55  4:29  Pylon  
  55  4:35  Charge (Chrono Boost)  
  55  4:38  Probe  
  55  4:40  Probe, Templar Archives  
  55  4:44  Warp Prism (Chrono Boost)  
  59  5:00  Nexus  
  59  5:04  Pylon  
  59  5:14  Gateway, Forge  
  59  5:21  Observer (Chrono Boost)  
  60  5:26  Gateway  
  60  5:29  Pylon  
  60  5:38  High Templar x4  
  60  5:39  Probe  
  60  5:42  Protoss Ground Weapons Level 1 (Chrono Boost), Archon x2  
  69  5:44  Pylon  
  69  5:46  Probe  
  70  5:53  Probe  
  70  5:56  Pylon  
  71  5:57  Immortal (Chrono Boost)  
  71  5:58  Probe  
  76  6:05  Probe  
  76  6:10  Probe  
  78  6:16  Probe  
  78  6:18  Probe  
  77  6:22  Probe, Robotics Facility  
  78  6:28  Probe  
  78  6:29  Immortal (Chrono Boost)  
  78  6:30  Probe  
  84  6:34  Probe  
  84  6:38  Assimilator  
  84  6:39  Assimilator, Sentry x2  
  89  6:40  Probe, Pylon, Sentry  
  89  6:42  Probe  
  93  6:47  Probe  
  93  6:48  Zealot x2  
  93  6:52  Probe  
  99  6:56  Probe  
  99  6:59  Probe  
  101  7:05  Probe  
  102  7:09  Probe  
  102  7:11  Probe  
  102  7:13  Immortal (Chrono Boost)  
  108  7:16  Immortal (Chrono Boost), Psionic Storm  
  112  7:23  Probe  
  112  7:25  Pylon x2  
  112  7:29  Pylon  
  113  7:33  Zealot x2  
  113  7:34  Zealot x2  
  129  7:51  Immortal x2  
  129  7:54  High Templar x3  
  129  7:56  Nexus, Protoss Ground Weapons Level 2 (Chrono Boost)  
  129  7:57  Pylon  
  135  7:59  Pylon  
  135  8:02  Pylon  
  135  8:13  Pylon  
  135  8:16  High Templar  
  135  8:17  High Templar  
  139  8:21  Gateway  
  139  8:23  Gateway  
  139  8:25  Gateway  
  139  8:26  Gateway  
  139  8:30  Immortal x2 (Chrono Boost)  
  145  8:35  Probe x3  
  145  8:39  Pylon  
  145  8:40  High Templar  
  150  8:48  Oracle (Chrono Boost)  
  150  8:51  Assimilator  
  150  8:55  Assimilator  
  153  9:06  Immortal x2 (Chrono Boost)  
  161  9:14  Fleet Beacon  
  161  9:18  Zealot x4  
  161  9:19  Oracle (Chrono Boost), Zealot  
  174  9:27  Zealot x2  
  174  9:30  Zealot x2  
  180  9:33  Zealot  
  170  10:08  Zealot x3  
  170  10:09  Zealot x5  
  186  10:19  Zealot x2  
  164  10:22  Protoss Air Weapons Level 1 (Chrono Boost)  
  166  10:28  Stargate  
  166  10:30  Stargate  
  166  10:32  Stargate  
  126  10:50  Immortal (Chrono Boost)  
  122  10:58  Mothership (Chrono Boost)  
  122  11:02  Immortal (Chrono Boost)  
  126  11:05  High Templar x3  
  126  11:07  High Templar, Nexus  
  126  11:10  Assimilator x2  
  134  11:14  High Templar  
  134  11:15  Archon  
  136  11:19  Archon, Warp Prism (Chrono Boost)  
  136  11:23  Zealot x3  
  144  11:27  Pylon  
  144  11:33  Graviton Catapult  
  144  11:38  Photon Cannon, Oracle (Chrono Boost)  
  144  11:40  Photon Cannon  
  144  11:42  Photon Cannon, Shield Battery  
  144  11:43  Shield Battery  
  141  11:49  Zealot x2  
  141  11:50  Zealot x8  
  141  11:54  Immortal  
  165  11:55  Immortal  
  169  12:02  Protoss Air Weapons Level 2 (Chrono Boost)  
  169  12:10  Carrier (Chrono Boost)  
  171  12:26  Carrier (Chrono Boost)  
  169  12:48  Photon Cannon  
  169  12:51  Photon Cannon, High Templar x2  
  173  12:52  Photon Cannon x2  
  173  12:53  Carrier (Chrono Boost)  
  173  12:55  Carrier (Chrono Boost)  
  173  12:57  Archon  
  173  12:58  Pylon  
  173  13:00  High Templar x2  
  173  13:02  Zealot x2  
  173  13:03  Zealot x2  
  185  13:08  Archon  
  185  13:16  Carrier (Chrono Boost)  
  185  13:24  Observer  
  196  13:42  Carrier (Chrono Boost)  
  194  14:12  Zealot x4  
  194  14:30  Zealot  
  186  14:46  High Templar x4  
  190  15:11  Zealot x5  
  190  15:12  Archon x2  
  196  15:29  Photon Cannon  
  196  15:31  Shield Battery  
  196  15:32  Pylon  
  196  15:33  Pylon  
  196  15:34  Photon Cannon  
  188  15:37  Shield Battery  
  188  15:47  Archon x2  
  188  15:48  Archon  
Show
View Real Time Build Order
Export as new Build Order

FireZerg Zerg 

Build Orders: Hatch First, Lurkers 

Get SALT Encoding   

  12  0:00  Drone  
  13  0:12  Overlord  
  13  0:17  Drone  
  14  0:30  Drone x2  
  16  0:48  Hatchery  
  15  0:51  Drone  
  15  0:57  Drone  
  17  0:59  Drone  
  18  1:10  Extractor  
  17  1:13  Spawning Pool  
  16  1:19  Drone  
  16  1:24  Drone  
  18  1:28  Drone  
  19  1:39  Drone  
  20  1:52  Overlord  
  20  2:00  Queen x2  
  24  2:01  Zergling x2  
  24  2:02  Zergling x2  
  26  2:14  Drone  
  26  2:15  Drone  
  28  2:17  Metabolic Boost  
  28  2:25  Drone x2  
  30  2:42  Hatchery  
  29  2:44  Drone  
  29  2:49  Pneumatized Carapace  
  30  2:57  Overlord  
  30  3:03  Queen  
  30  3:05  Zergling x2  
  33  3:07  Zergling x2  
  33  3:12  Drone x2  
  36  3:17  Overlord  
  36  3:27  Drone x4  
  40  3:34  Spore Crawler  
  40  3:35  Drone  
  40  3:39  Drone x3  
  43  3:41  Drone  
  44  3:49  Drone x3  
  47  3:59  Queen x2  
  51  4:05  Spore Crawler  
  48  4:11  Drone x2  
  48  4:12  Drone  
  48  4:13  Spore Crawler  
  50  4:38  Overlord  
  50  4:39  Overlord  
  50  4:40  Overlord x2  
  50  4:44  Lair  
  50  4:47  Extractor  
  50  4:48  Roach Warren  
  48  4:59  Drone x6  
  54  5:00  Drone x8  
  62  5:08  Drone x2  
  62  5:11  Drone  
  65  5:20  Evolution Chamber, Drone x2  
  66  5:27  Overlord  
  66  5:28  Overlord  
  66  5:29  Overlord  
  66  5:30  Overlord  
  66  5:31  Overlord  
  66  5:35  Extractor  
  65  5:36  Extractor  
  64  5:48  Roach x8  
  64  5:49  Glial Reconstitution  
  80  5:50  Zerg Missile Weapons Level 1  
  80  5:51  Roach  
  82  6:00  Roach x2  
  85  6:17  Drone  
  85  6:18  Drone x11  
  97  6:26  Hydralisk Den  
  96  6:37  Overseer  
  96  6:39  Drone x6  
  102  6:41  Drone  
  102  6:44  Extractor x2  
  101  6:51  Overlord x7  
  101  6:52  Drone  
  102  7:07  Hydralisk  
  102  7:08  Hydralisk  
  105  7:17  Muscular Augments  
  105  7:21  Hydralisk, Overlord x2  
  105  7:22  Hydralisk x7  
  121  7:30  Hatchery  
  120  7:41  Overseer  
  120  7:43  Lurker Den  
  119  7:50  Hydralisk x5  
  125  7:58  Zerg Missile Weapons Level 2, Overlord x2  
  125  8:05  Spore Crawler x2  
  124  8:09  Drone x2  
  124  8:10  Spore Crawler  
  124  8:12  Spore Crawler  
  123  8:18  Zergling x2  
  125  8:20  Zergling x2  
  125  8:21  Hydralisk x2  
  125  8:22  Hydralisk x3  
  125  8:23  Roach  
  125  8:25  Drone x8  
  145  8:28  Grooved Spines  
  145  8:37  Drone x6  
  151  8:48  Extractor  
  150  8:49  Spore Crawler  
  150  8:50  Spore Crawler  
  150  8:51  Hydralisk  
  150  8:52  Hydralisk x8, Extractor  
  150  8:54  Overlord  
  164  9:04  Overlord  
  164  9:15  Hatchery  
  162  9:24  Spire  
  161  9:25  Infestation Pit  
  161  9:29  Queen  
  162  9:38  Lurker x5  
  158  9:53  Roach  
  158  9:54  Roach x15  
  190  10:07  Roach  
  190  10:08  Roach x3  
  181  10:25  Hive  
  181  10:26  Zerg Ground Armor Level 1  
  108  10:43  Roach x3  
  108  10:44  Roach x11  
  108  10:48  Lurker x3  
  120  11:02  Queen x3  
  126  11:05  Drone  
  126  11:06  Drone x5  
  126  11:07  Drone  
  126  11:08  Drone x5  
  138  11:13  Drone  
  139  11:20  Hydralisk x3  
  139  11:22  Hatchery  
  144  11:39  Corruptor x8, Greater Spire  
  160  11:48  Adaptive Talons  
  160  11:58  Drone x4  
  164  12:03  Corruptor x3  
  170  12:21  Drone x2  
  170  12:22  Drone  
  166  12:46  Zerg Missile Weapons Level 3  
  166  12:50  Evolution Chamber  
  166  12:51  Evolution Chamber, Spine Crawler, Drone x3  
  164  12:52  Drone x2  
  164  12:54  Drone x2  
  170  12:59  Spine Crawler  
  170  13:02  Brood Lord x7  
  183  13:13  Lurker x2  
  183  13:17  Zergling x2  
  183  13:18  Zergling x2  
  183  13:19  Overlord x2  
  187  13:20  Overlord  
  187  13:25  Spore Crawler, Extractor, Drone x5  
  190  13:27  Spine Crawler x2  
  190  13:32  Zerg Flyer Weapons Level 1  
  188  13:34  Zerg Melee Weapons Level 1  
  188  13:36  Hydralisk x3  
  188  13:39  Hydralisk  
  196  13:43  Overseer x2  
  190  14:25  Hydralisk x6  
  196  14:31  Zergling x2  
  197  14:41  Extractor  
  197  14:43  Hydralisk x2  
  200  14:55  Corruptor x3  
  172  15:02  Corruptor  
  172  15:03  Corruptor x9  
  166  15:14  Overseer x5  
  166  15:26  Lurker  
Tags
 
Add a new tag
Caveats
  • Supply blocks, unpowered buildings, or Contaminate may cause inaccurate times.
  • Supply counts are checked every 10 seconds.